 Dungeon Crawl Stone Soup version 0.27.1 (webtiles) character file.

Game seed: 1999027963340750027

32 speeev33 the Skirmisher (level 3, -2/33 HPs)
             Began as a Hill Orc Fighter on Aug 28, 2021.
             Slain by a goblin (3 damage)
             ... led by Robin
             ... on level 2 of the Dungeon.
             The game lasted 00:01:07 (623 turns).

speeev33 the Skirmisher (Hill Orc Fighter)           Turns: 623, Time: 00:01:08

Health: -2/33      AC:  6    Str: 19    XL:     3   Next: 27%
Magic:  3/3        EV:  5    Int:  8    God:
Gold:   27         SH: 13    Dex: 10    Spells: 2/2 levels left

rFire    . . .     SeeInvis .   a - +0 war axe
rCold    . . .     Faith    .   g - +0 tower shield
rNeg     . . .     Spirit   .   b - +0 scale mail
rPois    .         Reflect  .   (no helmet)
rElec    .         Harm     .   (no cloak)
rCorr    .         Rampage  .   (no gloves)
Will     .....                  (no boots)
Stlth    ..........             (no amulet)
HPRegen  0.11/turn              (no ring)
MPRegen  0.08/turn              (no ring)

@: no status effects
A: no striking features
a: no special abilities


You were on level 2 of the Dungeon.
You visited 1 branch of the dungeon, and saw 2 of its levels.

You collected 27 gold pieces.

Inventory:

Hand Weapons
 a - a +0 war axe (weapon)
Armour
 b - a +0 scale mail (worn)
 g - a +0 tower shield (worn)
Jewellery
 h - a ring of magical power
Scrolls
 e - a scroll of enchant armour {unknown}
 f - a scroll of teleportation {unknown}
Potions
 c - a potion of brilliance {unknown}
 d - a potion of might
 i - a potion of curing {unknown}


   Skills:
 + Level 4.2 Fighting
 + Level 3.5 Axes
 - Level 3.2 Armour
 + Level 3.8 Shields


You had 2 spell levels left.
You didn't know any spells.
Your spell library was empty.

Dungeon Overview and Level Annotations

Branches:
Dungeon (2/15)

Altars:

Annotations:
D:2 Robin


Message History

A goblin comes into view. It is wielding a +0 club.
The bat hits you but does no damage.
The goblin hits you but does no damage. x2
Unknown command.
You slash the goblin!
You kill the goblin!
You hit the goblin. You barely miss the bat.
Your shield and scale mail prevent you from hitting the goblin.
You block the bat's attack. The goblin hits you but does no damage.
You block the goblin's attack. The goblin hits you but does no damage.
You block the goblin's attack. The bat hits you but does no damage. x2
The goblin hits you but does no damage.
Robin roars a battlecry!
The goblins go into a battle-frenzy!
You hear a shout!
Items here: ( ))) ††.
You closely miss the goblin. You barely miss the bat.
You block the bat's attack. You block the goblin's attack.
Robin throws the goblin at you! You block the goblin's attack.
You block the bat's attack.
You hit the hobgoblin.
The hobgoblin is moderately wounded.
You closely miss the goblin. You barely miss the bat.
You block the bat's attack. The bat hits you but does no damage.
You block the bat's attack. Robin throws the goblin at you!
The goblin hits you with a +0 club. x2; You block the bat's attack.
You block the goblin's attack.
You barely miss Robin. You slash the bat!
You kill the bat!
You barely miss the goblin. x2; You hit the hobgoblin.
The hobgoblin hits you. The goblin hits you with a +0 club.
You block Robin's attack. You block the goblin's attack.
The hobgoblin hits you.
* * * LOW HITPOINT WARNING * * *
You block the goblin's attack. The goblin hits you with a +0 club.
* * * LOW HITPOINT WARNING * * *
You barely miss Robin. You barely miss the hobgoblin.
You closely miss the goblin. You hit the goblin but do no damage.
Your shield prevents you from hitting the goblin.
Robin hits you but does no damage. The goblin hits you with a +0 club.
You die...

#...# #g.
...+ ....
...#####...g
#.......>...
#.#.........
#.#...$.....
#.#).# #..
#.gg.#.....
###@g.g....
+gg......
#.....###
.........
.######## #.
#. #.


You could see Robin, a hobgoblin (strong) and 4 goblins.

Vanquished Creatures
  A dart slug (D:1)
  A bat (D:2)
  2 endoplasms
  8 goblins
  3 hobgoblins (D:1)
  3 jackals (D:1)
  2 ball pythons (D:1)
  3 frilled lizards (D:1)
  3 kobolds (D:1)
  A rat (D:1)
27 creatures vanquished.

Notes
Turn   | Place    | Note
-------+----------+-------------------------------------------
     0 | D:1      | speeev33 the Hill Orc Fighter began the quest for the Orb.
     0 | D:1      | Reached XP level 1. HP: 19/19 MP: 1/1
   133 | D:1      | Reached XP level 2. HP: 27/27 MP: 2/2
   143 | D:1      | Reached skill level 4 in Fighting
   600 | D:2      | Noticed Robin
   609 | D:2      | Reached XP level 3. HP: 30/33 MP: 3/3
   622 | D:2      | HP: 1/33 [goblin[Robin] (5)]
   623 | D:2      | Slain by a goblin

Illustrated notes

Levels and vault maps discovered:
D:1:      eino_arrival_druids_welcome, layout_rooms
D:2:      layout_basic, shapermc_ecumenical_altar_ellora, uniq_terence,
          uniq_robin

Skill      XL: |  1  2 |
---------------+-------+-----
Axes           | 3 |  3.5
Fighting       | 4 |  4.2
Armour         | |  3.2
Shields        | |  3.8

Action                   || total
-------------------------++-------
Melee: War axe           ||    63
Armor: Scale mail        ||    46
Dodge: Dodged            ||    17
Block: Tower shield      ||    80
       Kite shield       ||     4
